 Dungeon Crawl Stone Soup version 0.29-a0-2-g12fcac58f8 (webtiles) character file.

Game seed: 16926721689328113414

427 Clumpoid the Poker (level 6, -3/51 HPs)
             Began as a Ghoul Monk on Jan 27, 2022.
             Slain by an ogre (27 damage)
             ... on level 5 of the Dungeon.
             The game lasted 00:02:55 (4336 turns).

Clumpoid the Poker (Ghoul Monk)                     Turns: 4336, Time: 00:02:56

Health: -3/51      AC: 10    Str: 17    XL:     6   Next: 97%
Magic:  5/5        EV: 11    Int:  5    God:
Gold:   141        SH:  0    Dex: 11    Spells: 5/5 levels left

rFire   . . .      SeeInvis .   e - +0 spear (venom)
rCold   + . .      Faith    .   (no shield)
rNeg    + + +      Spirit   .   d - +1 ring mail
rPois   ∞          Reflect  .   j - +0 helmet
rElec   .          Harm     .   c - +2 cloak
rCorr   .          Rampage  .   (no gloves)
Will    +....                   (no boots)
Stlth   +.........              (no amulet)
HPRegen 0.00/turn               b - ring of willpower
MPRegen 0.09/turn               (no ring)

@: inhibited regen
A: claws 1, cold resistance 1, negative energy resistance 3, inhibited
regeneration, torment resistance 2
a: no special abilities


You were on level 5 of the Dungeon.
You visited 1 branch of the dungeon, and saw 5 of its levels.

You collected 141 gold pieces.

Inventory:

Hand Weapons
 e - a +0 spear of venom (weapon)
Armour
 c - a +2 cloak (worn)
 d - a +1 ring mail (worn)
 j - a +0 helmet (worn)
Jewellery
 b - a ring of willpower (left claw)
 f - a ring of ice
Wands
 g - a wand of acid (11)
Scrolls
 a - a scroll of teleportation
 h - a scroll of enchant armour
 i - a scroll of silence
 k - a scroll of fog
 l - a scroll of identify


   Skills:
 - Level 3.2 Fighting
 * Level 6.9 Polearms
 - Level 2.6 Dodging
 - Level 2.1 Stealth


You had 5 spell levels left.
You didn't know any spells.
Your spell library contained the following spells:

 Spells                   Type           Power      Damage    Failure   Level
 Foxfire                  Conj/Fire      0%         2x1d4     69%         1
 Conjure Flame            Conj/Fire      0%         6-21      96%         3
 Inner Flame              Hex/Fire       0%         N/A       96%         3
 Flame Wave               Conj/Fire      0%         2d4       100%        4


Dungeon Overview and Level Annotations

Branches:
Dungeon (5/15)             Temple (0/1) D:5

Altars:
Ashenzari
Yredelemnul


Innate Abilities, Weirdness & Mutations

You thrive by killing the living.
You are immune to poison.
You have sharp fingernails.
Your flesh is cold resistant. (rC+)
You are immune to negative energy. (rN+++)
You do not regenerate when monsters are visible.
You are immune to unholy pain and torment.


Message History

The adder skeleton bites you.
You barely miss the adder skeleton.
The adder skeleton is almost destroyed.
You hit the adder skeleton.
The adder skeleton is almost destroyed.
The adder skeleton bites you but does no damage.
You hit the adder skeleton.
You destroy the adder skeleton!
No target in view!
HP restored.
g - a wand of acid (11) No target in view!
l - a scroll of identify No target in view!
There is a stone staircase leading down here.
Found 15 arrows.
No target in view!
An ogre comes into view. It is wielding a +0 giant club.
The ogre shouts!
You reach to attack!
You hit the ogre.
The ogre is lightly wounded.
An ogre is nearby!
An ogre is nearby!
You barely miss the ogre.
The ogre is lightly wounded.
You hit the ogre.
The ogre is moderately wounded.
The ogre hits you with a +0 giant club!!
Ouch! That really hurt!
You are too injured to fight recklessly!
You hit the ogre.
The ogre is poisoned.
The ogre is moderately wounded.
The ogre closely misses you.
You hit the ogre.
The ogre looks as sick as possible!
The ogre is heavily wounded.
You hit the ogre.
The ogre is severely wounded.
The ogre hits you with a +0 giant club!!
Ouch! That really hurt!
You die...

≈≈≈≈≈≈≈...(.##.#
≈≈≈≈≈..........#
............####
#..##..........#
#.#...###...##.# #.#.###
#...# ..## ....######..#
..#####
.#####......####O....###
.# #..........@.......
## #......#########...
######.# #.# #.# ###


You could see an ogre (extremely poisoned).

Vanquished Creatures
  Grinder (D:3)
  Natasha (thrice) (D:2)
  3 adders
  6 gnolls
  2 adder skeletons
  A worm (D:4)
  2 dart slugs
  An orc (D:4)
  5 endoplasms
  2 giant cockroaches
  6 goblins
  4 hobgoblins
  6 kobolds
  A quokka (D:2)
  5 ball pythons
  2 bats
  3 frilled lizards
  4 rats
57 creatures vanquished.

Vanquished Creatures (others)
  A plant (D:1)
1 creature vanquished.

Grand Total: 58 creatures vanquished

Notes
Turn   | Place    | Note
-------+----------+-------------------------------------------
     0 | D:1      | Clumpoid the Ghoul Monk began the quest for the Orb.
     0 | D:1      | Reached XP level 1. HP: 19/19 MP: 0/0
   363 | D:1      | Reached skill level 3 in Polearms
   375 | D:1      | Reached XP level 2. HP: 26/26 MP: 1/1
  1113 | D:2      | Reached XP level 3. HP: 15/31 MP: 2/2
  1357 | D:2      | Identified the +1 hand axe of Cor Marih {vorpal, *Noise
                  | Dex+2 Stlth+}
  1445 | D:2      | Reached skill level 4 in Polearms
  1471 | D:2      | Reached XP level 4. HP: 6/38 MP: 3/3
  1952 | D:2      | Noticed Natasha
  1959 | D:2      | Killed Natasha
  1966 | D:2      | Noticed Natasha
  1978 | D:2      | Killed Natasha
  1979 | D:2      | Reached skill level 5 in Polearms
  1979 | D:2      | Reached XP level 5. HP: 27/45 MP: 4/4
  2241 | D:2      | Noticed Natasha
  2248 | D:2      | Killed Natasha
  2587 | D:3      | Found a basalt altar of Yredelemnul.
  2613 | D:3      | Noticed Grinder
  2647 | D:3      | Killed Grinder
  2648 | D:3      | Reached skill level 6 in Polearms
  2648 | D:3      | Reached XP level 6. HP: 41/51 MP: 5/5
  3006 | D:3      | Found a faded altar of an unknown god.
  4046 | D:4      | Found a broken altar of Ashenzari.
  4215 | D:5      | Entered Level 5 of the Dungeon
  4241 | D:5      | Found a staircase to the Ecumenical Temple.
  4336 | D:5      | Slain by an ogre

Illustrated notes

Levels and vault maps discovered:
D:1:      dpeg_arrival_water_fire, layout_basic, amcnicky_mini_corridor_feature,
          hangedman_decor_points, serial_bayou_lake_a
D:2:      layout_basic, kennysheep_cluttered_room, minmay_misc_feat_five,
          uniq_natasha
D:3:      layout_basic, mainiacjoe_overflow_tiny_flanked,
          shapermc_ecumenical_altar_mp_vishouse, uniq_grinder
D:4:      layout_rooms, cheibrodos_ashenzari_chains
D:5:      layout_rooms, nicolae_gozag_seed_capital, temple_pool_b,
          minmay_mini_ossuary

Skill      XL: |  1  2  3  4  5 |
---------------+----------------+-----
Polearms       | 3 4 5 6 |  6.9
Fighting       | |  3.2
Dodging        | |  2.6
Stealth        | |  2.1

Action                   |  1- 3 |  4- 6 || total
-------------------------+-------+-------++-------
Melee: Spear             |   119 |   158 ||   277
       Punch             |     1 |     1 ||     2
  Use: Scroll            |     3 |     4 ||     7
       Potion            |       |     3 ||     3
 Stab: Sleeping          |     1 |       ||     1
       Distracted        |       |     1 ||     1
Armor: Ring mail         |    34 |    38 ||    72
Dodge: Dodged            |    50 |    38 ||    88

Table legend: (Time is in decaauts)
 A = Elapsed time spent in this place.
 B = Non-inter-level travel time spent in this place.
 C = Inter-level travel time spent in this place.
 D = Time resting spent in this place.
 E = Time spent auto-exploring this place.
 F = Levels seen in this place.
 G = Mean time per level.
                   A        B        C        D        E       F      G
               +--------+--------+--------+--------+--------+-----+--------+
         Total |   4297 |   4078 |    219 |    527 |   2931 |   5 |  859.4 |
       Dungeon |   4297 |   4078 |    219 |    527 |   2931 |   5 |  859.4 |
               +--------+--------+--------+--------+--------+-----+--------+

Top non-repeatable levels by time:
     D:2: 1513 daAuts
     D:3: 1248 daAuts
     D:1: 997 daAuts
     D:4: 420 daAuts
     D:5: 117 daAuts
